 Dungeon Crawl Stone Soup version 0.17-a0-2098-gf59d6bc (webtiles) character file.

1800 4thArraOfDagon the Grappler (level 8, -2/70 HPs)
             Began as a Troll Hunter on Oct 17, 2015.
             Was an Initiate of Ashenzari.
             Slain by a two-headed ogre
             ... wielding a +0 giant club
              (23 damage)
             ... on level 9 of the Dungeon.
             The game lasted 00:09:55 (1962 turns).

4thArraOfDagon the Grappler (Troll Hunter)          Turns: 1962, Time: 00:09:56

Health: -2/70      AC:  8    Str: 21      XL:     8   Next: 83%
Magic:  0/7        EV:  9    Int:  6 (7)  God:    Ashenzari [......]
Gold:   197        SH:  0    Dex: 10      Spells: 0 memorised, 7 levels left

rFire  + . .     SeeInvis .       - Unarmed
rCold  . . .     Clarity  .     d - +0 robe
rNeg   . . .     SustAt   .     (no shield)
rPois  .         Gourm    +     (helmet restricted)
rElec  .         Spirit   +     (no cloak)
rCorr  .         Warding  .     (gloves unavailable)
rMut   .         Stasis   .     (boots unavailable)
MR     .....                    q - amulet of guardian spirit
Stlth  +.........               (no ring)
                                m - +3 ring of protection

@: not resistant to hostile enchantments, very unstealthy
A: unfitting armour, claws 3, horns 1, dopey 1, fire resistance 1, fast
metabolism 3, gourmand, regeneration 2, shaggy fur 1, tough skin 2, no device
heal 1, subdued magic 1
a: Renounce Religion


You were on level 9 of the Dungeon.
You worshipped Ashenzari.
Ashenzari was noncommittal.
You were very full.

You visited 1 branch of the dungeon, and saw 9 of its levels.

You collected 197 gold pieces.

Inventory:

Missiles
 a - 5 large rocks (quivered)
Armour
 d - a +0 robe (worn)
Jewellery
 m - a +3 ring of protection (left claw)
 q - an amulet of guardian spirit (around neck)
Wands
 o - a wand of fire (4)
 r - a wand of slowing (22)
 E - a wand of random effects (21)
 F - a wand of enslavement (9)
 G - a wand of fire (6)
Scrolls
 i - a scroll of random uselessness
 j - 2 scrolls of remove curse
 l - a scroll of amnesia
 n - 2 scrolls of recharging {unknown}
 p - 3 scrolls of identify {unknown}
 t - a scroll of brand weapon {unknown}
 y - 3 scrolls of immolation {unknown}
 B - a scroll of noise {unknown}
Potions
 f - a potion of poison {unknown}
 g - a potion of degeneration
 h - a potion of mutation
 k - 3 potions of agility {unknown}
 s - a potion of resistance {unknown}
 v - a potion of experience {unknown}
 w - 2 potions of flight {unknown}
 x - a potion of curing
 z - a potion of berserk rage {unknown}
Books
 u - a book of Dreams

   Spells                             Type                      Level
   a - Ensorcelled Hibernation        Hexes/Ice                    2
   b - Phase Shift                    Translocation                5
   c - Shadow Creatures               Summoning                    5
   d - Silence                        Hexes/Air                    5
   e - Darkness                       Hexes                        6
   f - Mass Confusion                 Hexes                        6
 A - a book of Alchemy

   Spells                             Type                      Level
   a - Sublimation of Blood           Necromancy                   2
   b - Ignite Poison                  Fire/Transmutation/Poison    3
   c - Alistair's Intoxication        Transmutation/Poison         4
   d - Condensation Shield            Ice                          4
   e - Petrify                        Transmutation/Earth          4
   f - Irradiate                      Conjuration/Transmutation    5
 C - a book of Frost

   Spells                             Type                      Level
   a - Freeze                         Ice                          1
   b - Throw Frost                    Conjuration/Ice              2
   c - Ozocubu's Armour               Charms/Ice                   3
   d - Throw Icicle                   Conjuration/Ice              4
   e - Summon Ice Beast               Ice/Summoning                4
   f - Condensation Shield            Ice                          4
 D - a book of Envenomations

   Spells                             Type                      Level
   a - Spider Form                    Transmutation/Poison         3
   b - Alistair's Intoxication        Transmutation/Poison         4
   c - Olgreb's Toxic Radiance        Poison                       4
   d - Poisonous Cloud                Conjuration/Poison/Air       6
Comestibles
 c - a beef jerky
 e - 3 bread rations
 H - 3 chunks of flesh


   Skills:
 - Level 1.5 Fighting
 - Level 3.6 Throwing
 - Level 1.5 Dodging
 - Level 0.4 Stealth
 * Level 11.2 Unarmed Combat


You had 7 spell levels left.
You didn't know any spells.

Dungeon Overview and Level Annotations

Branches:
Dungeon (9/15)
 Temple: D:4-7         Lair: D:8-11         Orc: D:9-12

Altars:
Ashenzari
Fedhas
Okawaru
Qazlal
Ru
Vehumet
Yredelemnul

Shops:
D:5 [

Annotations:
D:9 Grum


Innate Abilities, Weirdness & Mutations

You are too large for most types of armour.
You have claws for hands.
Your metabolism is lightning-fast.
You like to eat raw meat.
You heal very quickly.
You are covered in fur (AC +1).
You have very tough skin (AC +2).
You have a pair of small horns on your head.
You are dopey. (Int -2)
Your flesh is heat resistant.
Potions and wands are less effective at restoring your health.
Your spells are a little easier to cast, but a little less powerful.


Message History

It was a potion of mutation.
You feel extremely strange.
You feel robust.
Your system partially rejects artificial healing.
A pair of horns grows on your head!
Grum hits you from afar with an enchanted glaive.
* * * LOW HITPOINT WARNING * * *
Unknown command.
Drink which item? (? for menu, Esc to quit)
Okay, then.
Found 15 bolts.
Found 6 sling bullets.
A two-headed ogre comes into view.
It is wielding a giant club and a giant spiked club.
The two-headed ogre shouts in stereo!
Unknown command.
Grum barks, "My dogs and I will have a feast tonight..."
You see here 6 sling bullets.
Unknown command.
An orc comes into view. It is wielding a mace.
The two-headed ogre hits you with a giant club!!
You die...

#> #. #. ###
#. #..
..####. #.#
..... #.#
#.#..#####.#
#..O@.(g.(#
#o#.######.#
# #.# #.#
#.# ### #.#
#.. #.# #.#
#.# #.. #.#
#..


You could see Grum, a two-headed ogre and an orc.

Vanquished Creatures
  4 wolves (D:9)
  A sky beast (D:6)
  A necrophage (D:6)
  An ice beast (D:6)
  3 giant frogs
  2 scorpions
  4 crimson imps
  3 hounds
  2 jellies (D:6)
  A giant frog zombie (D:7)
  4 orc priests
  2 orc wizards
  A centaur skeleton (D:6)
  An iguana (D:7)
  4 worker ants
  6 adders
  A shadow imp (D:8)
  2 worms
  4 giant geckos
  14 orcs
  2 bats
  A giant cockroach (D:4)
  2 goblins (D:3)
  2 hobgoblins (D:3)
  6 quokkas
  A giant gecko zombie (D:6)
  4 giant newts
  4 kobolds (D:3)
  3 rats
86 creatures vanquished.

Notes
Turn   | Place    | Note
--------------------------------------------------------------
     0 | D:1      | 4thArraOfDagon the Troll Hunter began the quest for the Orb.
     0 | D:1      | Reached XP level 1. HP: 19/19 MP: 0/0
    22 | D:2      | Reached skill level 1 in Unarmed Combat
    90 | D:3      | Reached XP level 2. HP: 27/27 MP: 1/1
   147 | D:3      | Noticed an orc wizard
   166 | D:3      | Killed an orc wizard
   166 | D:3      | Reached XP level 3. HP: 11/33 MP: 2/2
   267 | D:3      | Reached XP level 4. HP: 41/41 MP: 3/3
   299 | D:4      | Reached skill level 4 in Unarmed Combat
   337 | D:5      | Entered Level 5 of the Dungeon
   473 | D:6      | Noticed a sky beast
   480 | D:6      | Killed a sky beast
   480 | D:6      | Reached skill level 5 in Unarmed Combat
   480 | D:6      | Reached XP level 5. HP: 48/48 MP: 4/4
   484 | D:6      | Gained mutation: You are dopey. (Int -2) [mutagenic meat]
   485 | D:6      | Gained mutation: Your spells are a little easier to cast, but a little less powerful. [mutagenic meat]
   486 | D:6      | Gained mutation: You are frail (-10% HP). [mutagenic meat]
   487 | D:6      | Gained mutation: Your flesh is heat resistant. [mutagenic meat]
   511 | D:6      | Noticed an ice beast
   528 | D:6      | Killed an ice beast
   528 | D:6      | Reached skill level 6 in Unarmed Combat
   528 | D:6      | Reached XP level 6. HP: 49/49 MP: 5/5
   563 | D:6      | Noticed a giant frog
   569 | D:6      | Killed a giant frog
   623 | D:7      | Reached skill level 7 in Unarmed Combat
   702 | D:7      | Reached XP level 7. HP: 55/55 MP: 6/6
   853 | D:6      | Noticed a giant frog
   862 | D:6      | Killed a giant frog
   862 | D:6      | Reached skill level 8 in Unarmed Combat
  1168 | D:5      | Found Gofuiris's Antique Armour Emporium.
  1220 | D:4      | Found a basalt altar of Yredelemnul.
  1220 | D:4      | Found a radiant altar of Vehumet.
  1221 | D:4      | Found an iron altar of Okawaru.
  1221 | D:4      | Found a sacrificial altar of Ru.
  1221 | D:4      | Found a stormy altar of Qazlal.
  1256 | D:4      | Reached skill level 9 in Unarmed Combat
  1470 | D:4      | You fall through a shaft for 2 floors!
  1493 | D:6      | Noticed a necrophage
  1500 | D:6      | Killed a necrophage
  1500 | D:6      | Reached XP level 8. HP: 52/62 MP: 7/7
  1575 | D:8      | no temple
  1645 | D:8      | Found a blossoming altar of Fedhas.
  1818 | D:9      | Found a shattered altar of Ashenzari.
  1830 | D:9      | Reached skill level 10 in Unarmed Combat
  1838 | D:9      | Became a worshipper of Ashenzari the Shackled
  1933 | D:9      | Noticed Grum
  1942 | D:9      | Reached skill level 11 in Unarmed Combat
  1947 | D:9      | Lost mutation: You are frail (-10% HP). [potion of mutation]
  1947 | D:9      | Gained mutation: Potions and wands are less effective at restoring your health. [potion of mutation]
  1947 | D:9      | Gained mutation: You have a pair of small horns on your head. [potion of mutation]
  1959 | D:9      | Noticed a two-headed ogre
  1962 | D:9      | Slain by a two-headed ogre

Vault maps used:
D:1:      lemuel_arrival_river_ford, roderic_cross_of_infinity, minmay_ruptured
D:2:      corexii_leaking_fountain
D:4:      grunt_temple_overflow_open, elyvilon_altar_5
D:5:      serial_shops, nicolae_shop_overgrown_old_shop, first_bread
D:6:      temple_green
D:7:      centaur_isle
D:8:      lemuel_blue_sif_altar, blue_anna_alchemist, lemuel_centaur_altar
D:9:      grunt_temple_overflow_gold_and_silver, evilmike_ruin_ashenzari,
          lemuel_round_altar, slow_altar_2, minmay_lair_entry_lava, uniq_grum

Action                   |  1- 3 |  4- 6 |  7- 9 || total
-------------------------+-------+-------+-------++-------
Melee: Unarmed           |    56 |    76 |   175 ||   307
Throw: Large rock        |     5 |     4 |       ||     9
       Throwing net      |       |       |     2 ||     2
  Use: Scroll            |       |       |     5 ||     5
       Potion            |       |       |     3 ||     3
 Stab: Sleeping          |       |       |     1 ||     1
  Eat: Chunk             |     6 |     6 |    15 ||    27
